 Dungeon Crawl Stone Soup version 0.27-a0-1296-g8ece459b43 (webtiles) character file.

Game seed: 6583931002961668872

151 27snakeeyes612 the Skirmisher (level 5, -1/34 HPs)
             Began as a Gargoyle Fighter on June 16, 2021.
             Slain by Grinder (5 damage)
             ... on level 3 of the Dungeon.
             The game lasted 00:01:36 (2921 turns).

27snakeeyes612 the Skirmisher (Gargoyle Fighter)    Turns: 2921, Time: 00:01:37

Health: -1/34      AC: 12    Str: 20    XL:     5   Next: 33%
Magic:  5/5        EV:  7    Int:  9    God:
Gold:   82         SH:  9    Dex:  9    Spells: 4/4 levels left

rFire    . . .     SeeInvis .   a - +0 flail
rCold    . . .     Faith    .   c - +0 kite shield
rNeg     + . .     Spirit   .   b - +0 scale mail
rPois    ∞         Reflect  .   (no helmet)
rElec    +         Harm     .   (no cloak)
rCorr    .         Rampage  .   f - +0 pair of gloves
Will     .....                  (no boots)
Stlth    ..........             (no amulet)
HPRegen  0.11/turn              (no ring)
MPRegen  0.09/turn              (no ring)

@: mighty
A: sickness immunity, AC +4, negative energy resistance 1, electricity
resistance, torment resistance 1, petrification resistance
a: no special abilities


You were on level 3 of the Dungeon.
You visited 1 branch of the dungeon, and saw 3 of its levels.

You collected 82 gold pieces.

Inventory:

Hand Weapons
 a - a +0 flail (weapon)
Armour
 b - a +0 scale mail (worn)
 c - a +0 kite shield (worn)
 f - a +0 pair of gloves (worn)
Scrolls
 g - 3 scrolls of identify {unknown}
 l - a scroll of immolation {unknown}
Potions
 e - 2 potions of flight {unknown}
 h - a potion of heal wounds {unknown}
 i - 2 potions of curing {unknown}
 j - a potion of lignification {unknown}
 k - 2 potions of degeneration {unknown}


   Skills:
 + Level 4.5 Fighting
 + Level 3.1 Maces & Flails
 + Level 4.2 Armour
 - Level 0.3 Dodging
 + Level 3.9 Shields


You had 4 spell levels left.
You didn't know any spells.
Your spell library was empty.

Dungeon Overview and Level Annotations

Branches:
Dungeon (3/15)

Altars:
Elyvilon

Shops:
D:3 (

Annotations:
D:3 Grinder


Innate Abilities, Weirdness & Mutations

You are immune to sickness and miasma.
Your stone body is resilient. (AC +4)
You are immune to poison.
You resist negative energy. (rN+)
You are resistant to electric shocks. (rElec)
You are resistant to unholy torment.
You are immune to petrification.


Message History

Grinder gestures at you. Pain shoots through your body!
You block Grinder's attack. x2
You closely miss Grinder.
Grinder is moderately wounded.
Grinder gestures at you. Pain shoots through your body!
Grinder blinks!
You are too injured to fight recklessly!
You are too injured to fight recklessly!
You are too injured to fight recklessly!
You are too injured to fight recklessly!
You are too injured to fight recklessly!
You are too injured to fight recklessly!
You are too injured to fight recklessly!
You are too injured to fight recklessly!
You are too injured to fight recklessly!
You are too injured to fight recklessly!
You are too injured to fight recklessly!
You are too injured to fight recklessly!
You are too injured to fight recklessly!
You are too injured to fight recklessly!
You are too injured to fight recklessly!
You feel very mighty all of a sudden. Grinder gestures at you.
Pain shoots through your body!
You thump Grinder!
Grinder is heavily wounded.
Grinder hits you.
You writhe in agony.
Grinder hits you.
* * * LOW HITPOINT WARNING * * *
You hit Grinder.
Grinder is severely wounded.
You block Grinder's attack. Grinder closely misses you.
You closely miss Grinder.
Grinder is severely wounded.
Grinder hits you.
* * * LOW HITPOINT WARNING * * *
Grinder gestures at you. Pain shoots through your body!
* * * LOW HITPOINT WARNING * * *
Grinder hits you.
You die...

##...##.#≈≈# #.# #.#
#.#.##.#≈## #># #.# #.#≈####≈#
#.# #.# #### #.#≈# #≈≈# #.# #.#
#..# ####≈# #≈≈# #.# #.# #..#
#.#≈≈# #≈≈#### ####.#### #.#
#... .##≈≈#
##≈≈#≈###.......###.# #..#
.##≈≈####≈≈#≈#...#####.....#
#..# .##≈##≈###≈≈≈###@#
##.##..# #).# #.#≈##≈# #≈≈≈#
#5# #...#..# #... ###≈##≈#
#≈≈## #.# #.8.#..# ##.# #
#≈##≈# #≈## #.# #...#.## #.# #
#≈#≈≈###≈# #.. ##.##.# #.#
#≈#≈#≈≈≈≈# ### #.##.# #.#
#≈#≈#≈≈≈≈######## ##.##.#####.#
##≈≈#≈#≈##..#...###...###...#..
#≈≈≈###≈###...8....._.....8...#


You could see Grinder (fast).

Vanquished Creatures
  2 orc priests (D:3)
  4 adders
  A dart slug (D:1)
  5 orcs (D:3)
  4 ball pythons
  3 endoplasms
  A giant cockroach (D:2)
  6 hobgoblins
  2 kobolds
  2 quokkas (D:1)
  9 bats
  4 frilled lizards
  4 goblins (D:3)
  A rat (D:2)
48 creatures vanquished.

Notes
Turn   | Place    | Note
-------+----------+-------------------------------------------
     0 | D:1      | 27snakeeyes612 the Gargoyle Fighter began the quest for the
                  | Orb.
     0 | D:1      | Reached XP level 1. HP: 14/14 MP: 1/1
   451 | D:1      | Reached XP level 2. HP: 15/19 MP: 2/2
  1035 | D:2      | Reached XP level 3. HP: 11/24 MP: 3/3
  2007 | D:3      | Reached XP level 4. HP: 29/29 MP: 4/4
  2048 | D:3      | Found a faded altar of an unknown god.
  2159 | D:3      | Reached XP level 5. HP: 19/34 MP: 5/5
  2541 | D:3      | Found a white marble altar of Elyvilon.
  2612 | D:3      | Found Wyacixtu's Weapon Emporium.
  2904 | D:3      | Noticed Grinder
  2921 | D:3      | Slain by Grinder

Illustrated notes

Levels and vault maps discovered:
D:1:      minmay_arrival_three_doors, layout_loops_corners, serial_forest,
          infiniplex_forest_straight_4, infiniplex_forest_clump_C,
          infiniplex_forest_lined_3, infiniplex_forest_lined_ring,
          infiniplex_forest_lined_room_, infiniplex_forest_corner_1,
          infiniplex_forest_clump_medium, infiniplex_forest_straight_4
D:2:      layout_rooms
D:3:      layout_loops_ring, elyvilon_altar_1, serial_shops, shop,
          ebering_ecumenical_altar_rust, amcnicky_mini_rare_corridor_liquid,
          chequers_serial_rivers_large_b, st_stairs_10,
          hangedman_abyss_or_decor_lesser_grid, uniq_grinder,
          uniq_crazy_yiuf_cottage

Skill      XL: |  1  2  3  4 |
---------------+-------------+-----
Fighting       | 4 |  4.5
Armour         | 4 |  4.2
Maces & Flails | 3 |  3.1
Dodging        | |  0.3
Shields        | |  3.9

Action                   |  1- 3 |  4- 6 || total
-------------------------+-------+-------++-------
Melee: Flail             |   100 |    99 ||   199
  Use: Potion            |       |     1 ||     1
Armor: Scale mail        |    60 |    78 ||   138
Dodge: Dodged            |    35 |    35 ||    70
Block: Kite shield       |    56 |    58 ||   114

Table legend: (Time is in decaauts)
 A = Elapsed time spent in this place.
 B = Non-inter-level travel time spent in this place.
 C = Inter-level travel time spent in this place.
 D = Time resting spent in this place.
 E = Time spent auto-exploring this place.
 F = Levels seen in this place.
 G = Mean time per level.
                   A        B        C        D        E       F      G
               +--------+--------+--------+--------+--------+-----+--------+
         Total |   3047 |   2977 |     70 |      0 |   2512 |   3 | 1015.7 |
       Dungeon |   3047 |   2977 |     70 |      0 |   2512 |   3 | 1015.7 |
               +--------+--------+--------+--------+--------+-----+--------+

Top non-repeatable levels by time:
     D:1: 1019 daAuts
     D:3: 1017 daAuts
     D:2: 1009 daAuts
